 Dungeon Crawl Stone Soup version 0.17.1-3-g152610e (webtiles) character file.

10333 Breadlance the Nimble (level 11, -11/53 HPs)
             Began as a Spriggan Conjurer on Apr 4, 2016.
             Mangled by Agnes
             ... wielding a +0 lajatang
              (24 damage)
             ... on level 1 of the Elven Halls.
             The game lasted 00:48:47 (17031 turns).

Breadlance the Nimble (Spriggan Conjurer)          Turns: 17031, Time: 00:48:47

Health: -11/53     AC:  5    Str:  4    XL:     11   Next: 34%
Magic:  11/22      EV: 32    Int: 19    God:
Gold:   1019       SH:  0    Dex: 20    Spells: 6 memorised, 5 levels left

rFire  + + .     SeeInvis +     k - +2 dagger (freeze)
rCold  . . .     Clarity  .     y - +2 robe {rF+}
rNeg   . . .     SustAt   .     (shield restricted)
rPois  .         Gourm    .     t - +1 hat
rElec  .         Spirit   .     (no cloak)
rCorr  .         Warding  .     (gloves unavailable)
rMut   .         Stasis   .     (boots unavailable)
MR     +....                    (no amulet)
Stlth  ++++++....               (no ring)
                                g - ring of protection from fire

@: about to teleport, very quick, somewhat resistant to hostile enchantments,
very stealthy
A: unfitting armour, see invisible, agile 1, herbivore 3, speed 3, slow
metabolism 2
a: no special abilities


You were on level 1 of the Elven Halls.
You were not hungry.

You visited 4 branches of the dungeon, and saw 14 of its levels.

You collected 1134 gold pieces.
You spent 115 gold pieces at shops.

Inventory:

Hand Weapons
 k - a +2 dagger of freezing (weapon)
Missiles
 e - 30 poisoned needles
 h - 2 needles of sleeping
Armour
 t - a +1 hat (worn)
 y - a +2 robe of fire resistance (worn)
Jewellery
 g - a ring of protection from fire (left hand)
Wands
 i - a wand of confusion (1)
 p - a wand of invisibility (5)
 w - a wand of enslavement (7)
 z - a wand of magic darts (19)
 A - a wand of paralysis (7)
 C - a wand of magic darts (33)
 H - a wand of paralysis (10)
Scrolls
 a - a scroll of teleportation
 c - a scroll of enchant armour
 f - 2 scrolls of blinking {unknown}
 m - 3 scrolls of identify
 n - 4 scrolls of remove curse
 q - 4 scrolls of fog {unknown}
 s - 2 scrolls of recharging
 x - a scroll of enchant weapon
Potions
 d - 2 potions of might
 l - a potion of invisibility {unknown}
 v - a potion of poison
 D - a potion of curing
 E - a potion of brilliance {unknown}
 G - a potion of flight
Books
 b - a book of Conjurations

   Spells                             Type                      Level
   a - Magic Dart                     Conjuration                  1
   b - Searing Ray                    Conjuration                  2
   c - Dazzling Spray                 Conjuration/Hexes            3
   d - Fulminant Prism                Conjuration/Hexes            4
   e - Iskenderun's Mystic Blast      Conjuration                  4
   f - Iskenderun's Battlesphere      Conjuration/Charms           5
 r - a book of Frost

   Spells                             Type                      Level
   a - Freeze                         Ice                          1
   b - Throw Frost                    Conjuration/Ice              2
   c - Ozocubu's Armour               Charms/Ice                   3
   d - Throw Icicle                   Conjuration/Ice              4
   e - Summon Ice Beast               Ice/Summoning                4
   f - Condensation Shield            Ice                          4
 B - a book of Fire

   Spells                             Type                      Level
   a - Ignite Poison                  Fire/Transmutation/Poison    3
   b - Fireball                       Conjuration/Fire             5
   c - Bolt of Fire                   Conjuration/Fire             6
   d - Delayed Fireball               Conjuration/Fire             7
   e - Ring of Flames                 Charms/Fire                  7
 F - a book of Ice

   Spells                             Type                      Level
   a - Ice Form                       Ice/Transmutation            4
   b - Metabolic Englaciation         Hexes/Ice                    5
   c - Ozocubu's Refrigeration        Ice                          6
   d - Bolt of Cold                   Conjuration/Ice              6
   e - Freezing Cloud                 Conjuration/Ice/Air          6
   f - Simulacrum                     Ice/Necromancy               6
Comestibles
 j - 7 slices of pizza
 o - 2 fruits
 u - 7 bread rations


   Skills:
 + Level 4.0 Fighting
 + Level 5.9 Short Blades
 + Level 14.1 Dodging
 + Level 13.1 Stealth
 + Level 7.1 Spellcasting
 + Level 5.3 Conjurations
 + Level 5.7 Hexes
 + Level 1.8 Evocations


You had 5 spell levels left.
You knew the following spells:

 Your Spells              Type           Power        Failure   Level  Hunger
a - Magic Dart            Conj           ####         1%          1    None
b - Searing Ray           Conj           ####..       1%          2    None
c - Dazzling Spray        Conj/Hex       ####....     3%          3    #......
d - Fulminant Prism       Conj/Hex       ####......   12%         4    ###....
e - Iskenderun's Mystic   Conj           ####....     12%         4    ###....
f - Fireball              Conj/Fire      ###.......   91%         5    #####..


Dungeon Overview and Level Annotations

Branches:
Dungeon (9/15)             Temple (1/1) D:6             Orc (3/4) D:9
    Elf (1/3) Orc:3
   Lair: D:8-11

Altars:
Cheibriados
Dithmenos
Elyvilon
Fedhas
Gozag
Kikubaaqudgha
Makhleb
Nemelex Xobeh
Qazlal
Ru
Sif Muna
Trog
Vehumet
Xom
Yredelemnul
Zin
The Shining One

Shops:
D:4 (?}   Orc:2 *%

Annotations:
Elf:1 Agnes


Innate Abilities, Weirdness & Mutations

You are tiny and cannot use many weapons and most armour.
You have supernaturally acute eyesight.
You are a herbivore.
You cover ground extremely quickly.
You need consume almost no food.
You are agile. (Dex +2)


Message History

Confirm with . or Enter, or press ? or * to list all spells.
Aiming: Dazzling Spray
Press: ? - help, Shift-Dir - straight line, f/p - Agnes
Aim: Agnes, wielding a lajatang and wearing a robe (lightly wounded, fast)
The spray of energy misses Agnes.
Agnes completely misses you. Agnes barely misses you.
Casting: Dazzling Spray
Confirm with . or Enter, or press ? or * to list all spells.
Aiming: Dazzling Spray
Press: ? - help, Shift-Dir - straight line, f/p - Agnes
Aim: Agnes, wielding a lajatang and wearing a robe (lightly wounded, fast)
The spray of energy misses Agnes.
The spray of energy hits the deep elf knight.
The deep elf knight is lightly wounded.
Agnes completely misses you. Agnes hits you with a lajatang!
* * * LOW HITPOINT WARNING * * *
Read which item? (? for menu, Esc to quit)
As you read the scroll of teleportation, it crumbles to dust.
You feel strangely unstable. Agnes hits you with a lajatang!!
You die...

#...##.###.######
...##### #.# # ###
#.## #.# .#.. ..#
##'## .### ### ##...##
..# ##.....## ###
#.......## ##.##
#.........####...#.#
...........'@ie.....#
##..........####e..#.#
# ..#.......## ##.##.#
# ####.....## ....# #
##.....## .#### .#
##...# e# .# #... .#
.+ ยง. e# .#


You could see Agnes, a deep elf knight and a deep elf mage.

Vanquished Creatures
  Maud (Orc:1)
  Snorg (Orc:1)
  Erica (Orc:1)
  An ogre mage (Orc:1)
  Nergalle (Orc:3)
  An unseen horror (D:7)
  A deep elf summoner (Elf:1)
  A deep elf conjurer (Elf:1)
  A deep elf mage (D:9)
  A wyvern (D:8)
  Eustachio (D:4)
  A human (D:7)
  A hungry ghost (D:8)
  Menkaure (D:4)
  2 hell hounds (Elf:1)
  5 orc warriors
  A phantom (D:6)
  An ice beast (D:7)
  A black bear (D:7)
  2 necrophages
  9 ogres
  2 centaurs (D:6)
  2 giant frogs (D:8)
  4 scorpions
  A water moccasin skeleton (D:5)
  3 killer bees (D:7)
  A quasit (D:6)
  A centaur zombie (D:9)
  4 crimson imps
  A jelly (D:5)
  3 hounds
  5 worker ants
  Ijyb (D:2)
  13 orc wizards
  An iguana (D:4)
  9 orc priests
  Terence (D:2)
  Natasha (thrice) (D:2)
  3 hell rats (D:5)
  2 killer bee zombies
  2 sheep (D:7)
  A hound skeleton (D:7)
  2 worker ant zombies (D:5)
  A gnoll (D:2)
  6 adders
  7 river rats (D:5)
  2 adder zombies (D:7)
  An adder skeleton (D:8)
  4 worms (D:3)
  7 giant geckos
  68 orcs
  6 giant cockroaches
  8 goblins
  11 hobgoblins
  5 jackals
  10 kobolds
  3 quokkas
  A ball python (D:3)
  4 bats
  A giant gecko skeleton (D:7)
  7 giant newts
  A jackal skeleton (D:8)
  A quokka zombie (D:8)
  41 rats
295 creatures vanquished.

Vanquished Creatures (collateral kills)
  2 sheep (D:7)
2 creatures vanquished.

Vanquished Creatures (others)
  A killer bee (D:7)
  An orc wizard (D:2)
2 creatures vanquished.

Grand Total: 299 creatures vanquished

Notes
Turn   | Place    | Note
--------------------------------------------------------------
     0 | D:1      | Breadlance the Spriggan Conjurer began the quest for the Orb.
     0 | D:1      | Reached XP level 1. HP: 9/9 MP: 5/5
   557 | D:1      | Reached XP level 2. HP: 13/13 MP: 3/6
  1135 | D:1      | Learned a level 2 spell: Searing Ray
  1285 | D:2      | Noticed Ijyb
  1887 | D:2      | Reached XP level 3. HP: 2/16 MP: 0/8
  1893 | D:2      | Learned a level 3 spell: Dazzling Spray
  2321 | D:2      | Killed Ijyb
  2321 | D:2      | Reached skill level 4 in Dodging
  2691 | D:2      | Reached XP level 4. HP: 19/21 MP: 9/9
  2806 | D:2      | Noticed Natasha
  2816 | D:2      | Killed Natasha
  2848 | D:2      | Noticed Natasha
  2853 | D:2      | Killed Natasha
  2879 | D:2      | Noticed Terence
  2890 | D:2      | Killed Terence
  2890 | D:2      | Reached skill level 5 in Dodging
  3451 | D:2      | Reached XP level 5. HP: 11/24 MP: 0/10
  3453 | D:2      | Reached skill level 1 in Short Blades
  3500 | D:2      | Noticed Natasha
  3501 | D:2      | Killed Natasha
  3823 | D:2      | Learned a level 4 spell: Fulminant Prism
  4471 | D:2      | Noticed an ogre
  4482 | D:2      | Killed an ogre
  4482 | D:2      | Reached skill level 1 in Fighting
  4482 | D:2      | Reached XP level 6. HP: 30/30 MP: 3/12
  4560 | D:3      | Reached skill level 5 in Stealth
  4786 | D:3      | Reached skill level 6 in Dodging
  4864 | D:3      | Reached skill level 1 in Hexes
  4901 | D:3      | Gained mutation: You are agile. (Dex +2) [potion of mutation]
  4901 | D:3      | Gained mutation: You are weak. (Str -2) [potion of mutation]
  4901 | D:3      | Lost mutation: You are weak. (Str -2) [potion of mutation]
  5278 | D:4      | Noticed Eustachio
  5290 | D:4      | Found a shimmering altar of Xom.
  5292 | D:4      | Found a shimmering altar of Xom.
  5324 | D:4      | Killed Eustachio
  5324 | D:4      | Reached skill level 7 in Dodging
  5324 | D:4      | Reached XP level 7. HP: 19/33 MP: 0/13
  5527 | D:4      | Found Jukitel's Gadget Emporium.
  5577 | D:4      | Found a basalt altar of Yredelemnul.
  5585 | D:4      | Found Kiosti Guem's Magic Scroll Shop.
  5780 | D:4      | Found Jijic's Antique Weapon Boutique.
  5812 | D:4      | Noticed Menkaure
  5828 | D:4      | Killed Menkaure
  6020 | D:4      | Learned a level 4 spell: Iskenderun's Mystic Blast
  6057 | D:4      | Found a snail-covered altar of Cheibriados.
  6060 | D:4      | Found a sacrificial altar of Ru.
  6212 | D:4      | Found a white marble altar of Elyvilon.
  6343 | D:5      | Entered Level 5 of the Dungeon
  6603 | D:5      | Reached XP level 8. HP: 37/37 MP: 15/15
  6783 | D:5      | Reached skill level 8 in Dodging
  7925 | D:6      | Reached skill level 9 in Dodging
  8424 | D:6      | Reached skill level 5 in Spellcasting
  8424 | D:6      | Reached XP level 9. HP: 41/43 MP: 5/17
  8631 | D:6      | Found a burning altar of Makhleb.
  8633 | D:6      | Found a glowing silver altar of Zin.
  8633 | D:6      | Noticed an angel
  8634 | D:6      | Noticed an Executioner
  8845 | D:6      | Found a staircase to the Ecumenical Temple.
  8850 | Temple   | Entered the Ecumenical Temple
 10727 | D:7      | Noticed an unseen horror
 10771 | D:7      | Killed an unseen horror
 10771 | D:7      | Reached skill level 10 in Dodging
 10771 | D:7      | Reached skill level 1 in Evocations
 11688 | D:7      | Reached skill level 11 in Dodging
 11688 | D:7      | Reached skill level 10 in Stealth
 12514 | D:8      | Found a glowing golden altar of the Shining One.
 12631 | D:8      | Found a radiant altar of Vehumet.
 12809 | D:8      | Found an opulent altar of Gozag.
 12914 | D:8      | Found a blossoming altar of Fedhas.
 12954 | D:8      | Reached XP level 10. HP: 25/49 MP: 12/19
 13240 | D:8      | Found a sparkling altar of Nemelex Xobeh.
 13868 | D:9      | Found a staircase to the Orcish Mines.
 13877 | D:9      | Reached skill level 5 in Short Blades
 13944 | Orc:1    | Entered Level 1 of the Orcish Mines
 14074 | Orc:1    | Noticed Erica
 14156 | Orc:1    | Reached skill level 12 in Dodging
 14226 | Orc:1    | Noticed Snorg
 14237 | Orc:1    | Killed Snorg
 14636 | Orc:1    | Killed Erica
 14636 | Orc:1    | Reached skill level 13 in Dodging
 14703 | Orc:1    | Noticed an ogre mage
 14731 | Orc:1    | Killed an ogre mage
 14758 | Orc:1    | Learned a level 5 spell: Fireball
 14981 | Orc:2    | Found Seunioff's Food Shop.
 15005 | Orc:2    | Bought a bread ration for 50 gold pieces
 15005 | Orc:2    | Bought a slice of pizza for 15 gold pieces
 15005 | Orc:2    | Bought a bread ration for 50 gold pieces
 15018 | Orc:2    | Found Aqit's General Store.
 15500 | Orc:3    | Noticed Maud
 15512 | Orc:3    | HP: 2/49 [Maud/enchanted eveningstar (15)]
 15686 | Orc:1    | Reached skill level 5 in Hexes
 16076 | Orc:1    | Killed Maud
 16076 | Orc:1    | Reached skill level 5 in Conjurations
 16076 | Orc:1    | Reached XP level 11. HP: 21/53 MP: 6/22
 16443 | Orc:3    | Found a staircase to the Elven Halls.
 16447 | Orc:3    | Noticed Nergalle
 16454 | Orc:3    | Killed Nergalle
 16477 | Elf:1    | Entered Level 1 of the Elven Halls
 16491 | Elf:1    | Noticed a deep elf summoner
 16498 | Elf:1    | Killed a deep elf summoner
 16505 | Elf:1    | Noticed a deep elf knight
 16506 | Elf:1    | Noticed a deep elf knight
 16506 | Elf:1    | Noticed a deep elf knight
 16771 | Elf:1    | Reached skill level 14 in Dodging
 17022 | Elf:1    | Noticed Agnes
 17031 | Elf:1    | Mangled by Agnes

Action                   |  1- 3 |  4- 6 |  7- 9 | 10-12 || total
-------------------------+-------+-------+-------+-------++-------
Melee: Unarmed           |    12 |       |       |       ||    12
       Dagger            |    65 |   238 |   588 |   347 ||  1238
 Cast: Magic Dart        |    43 |       |       |       ||    43
       Searing Ray       |    25 |       |       |       ||    25
       Dazzling Spray    |     1 |    30 |    62 |    60 ||   153
       Iskenderun's Myst |       |       |     3 |       ||     3
Evoke: Wand              |       |       |     7 |       ||     7
  Use: Scroll            |     5 |     4 |     3 |     1 ||    13
       Potion            |       |     5 |     6 |       ||    11
 Stab: Sleeping          |     1 |     5 |    16 |     6 ||    28
       Invisible         |     1 |     8 |    18 |    16 ||    43
       Distracted        |       |     1 |     1 |       ||     2
  Eat: Bread ration      |     1 |       |       |       ||     1
       Fruit             |       |     3 |       |       ||     3
       Royal jelly       |       |     1 |     2 |       ||     3
       Pizza             |       |       |     4 |     4 ||     8
